 Dungeon Crawl Stone Soup version 0.31-a0-435-g2c6fae2916 (webtiles) character file.

Game seed: 13214268793173032644

38 LustLizard the Ruffian (level 3, -3/23 HPs)
             Began as an Octopode Shapeshifter on Aug 2, 2023.
             Slain by a gnoll
             ... wielding a +0 flail
              (6 damage)
             ... on level 1 of the Dungeon.
             The game lasted 00:01:36 (602 turns).

LustLizard the Ruffian (Octopode Shapeshifter)       Turns: 602, Time: 00:01:36

Health: -3/23      AC:  1    Str: 14    XL:     3   Next: 43%
Magic:  3/3        EV: 13    Int: 12    God:
Gold:   46         SH:  0    Dex: 12    Spells: 2/2 levels left

rFire   . .          .
                       - Unarmed
rCold   . . .        (no shield)
rNeg    . . .        (helmet currently unavailable)
rPois   .            (no amulet)
rElec   .            (no ring)
rCorr   .            (no ring)
SInv    .            (no ring)
Will    .....        (no ring)
Stlth   +++          (no ring)
HPRegen 0.23/turn    (no ring)
MPRegen 0.08/turn    (no ring)
                     (no ring)

%: no passive effects
@: beast-form
A: beast (slay +2), almost no armour, amphibious, 8 rings, camouflage 1,
gelatinous body 1, (nimble swimmer 1), tentacles
a: Begin Untransformation


You were on level 1 of the Dungeon.
You were a hulking beast.
You visited 1 branch of the dungeon, and saw 1 of its levels.

You collected 46 gold pieces.

Inventory:

Jewellery
 f - a ring of ice
Talismans
 b - a beast talisman (active)
Scrolls
 c - 2 scrolls of identify {unknown}
 d - a scroll of vulnerability {unknown}
Potions
 a - a potion of lignification
 e - a potion of invisibility {unknown}
 g - a potion of degeneration {unknown}


   Skills:
 + Level 1.6 Fighting
 - Level 2.0 Dodging
 + Level 1.6 Stealth
 * Level 3.5 Unarmed Combat
 + Level 0.0 Spellcasting
 + Level 3.2 Shapeshifting


You had 2 spell levels left.
You didn't know any spells.
Your spell library contained the following spells:

 Spells                   Type           Power      Damage    Failure   Level
 Summon Small Mammal      Summ           0%         N/A       32%         1
 Call Canine Familiar     Summ           0%         N/A       69%         3
 Summon Guardian Golem    Hex/Summ       0%         N/A       69%         3


Dungeon Overview and Level Annotations

Branches:
Dungeon (1/15)

Altars:


Innate Abilities, Weirdness & Mutations

You are a hulking beast.
Your limbs bulge with bestial killing power. (Slay +2)
You cannot wear most types of armour.
You are amphibious.
You can wear up to eight rings at the same time.
Your skin changes colour to match your surroundings (Stealth+).
Your rubbery body absorbs attacks. (AC +1, EV +1)
((You are camouflaged when in or above water. (Stealth+)))
You have tentacles for arms and can constrict up to eight enemies at once.


Message History

The hobgoblin shouts!
You closely miss the hobgoblin. You grab the hobgoblin.
You constrict the hobgoblin. The hobgoblin closely misses you.
A dart slug comes into view.
You tentacle-slap the hobgoblin. You squeeze the hobgoblin.
You kill the hobgoblin!
An endoplasm comes into view.
You see here a hobgoblin corpse.
The dart slug bites you.
The endoplasm quivers.
You tentacle-slap the dart slug. You grab the dart slug.
The dart slug is severely wounded.
You constrict the dart slug.
The endoplasm jiggles.
The dart slug misses you.
You tentacle-slap the endoplasm. You squeeze the endoplasm.
You kill the endoplasm!
You constrict the dart slug. You tentacle-slap the dart slug.
You kill the dart slug!
Found a stone staircase leading down.
You pick up a book of Callings and begin reading...
You add the spells Summon Small Mammal, Call Canine Familiar and Summon Guardian Golem to your library.
Okay, then.
You now have 39 gold pieces (gained 6).
You now have 46 gold pieces (gained 7).
A gnoll comes into view. It is wielding a +0 flail.
Found a stone staircase leading down.
You tentacle-slap the gnoll. You grab the gnoll.
The gnoll is moderately wounded.
You constrict the gnoll. The gnoll hits you with a +0 flail!
You tentacle-slap the gnoll.
The gnoll is heavily wounded.
You constrict the gnoll. The gnoll hits you with a +0 flail!
Ouch! That really hurt!
* * * LOW HITPOINT WARNING * * *
You tentacle-slap the gnoll. You squeeze the gnoll.
The gnoll is almost dead.
You constrict the gnoll. The gnoll hits you with a +0 flail.
You die...

#.#.#.......####...####..##.#
##
#>...........)..........†...#
.#
#.#.##......####...####..####
.###..###.###..# ##.## #..#
.....## #.# #.†# #.# #..#
#.##.# #.# #..# #.# #..#
#.##.# #.###..## #.#####..#
#.##.####.......###....>....#
#.#...........#.hg.........##
#.#..########...#########
#.#..# ###.# .....###### #.#
#.........# #.# ###.#####.#
#.# #.# #.# #.# ... #.. ..#


You could see a gnoll.

Vanquished Creatures
  3 dart slugs (D:1)
  A bat (D:1)
  6 endoplasms (D:1)
  2 goblins (D:1)
  4 hobgoblins (D:1)
  4 jackals (D:1)
  2 kobolds (D:1)
  A quokka (D:1)
  3 rats (D:1)
26 creatures vanquished.

Notes
Turn   | Place    | Note
-------+----------+-------------------------------------------
     0 | D:1      | LustLizard the Octopode Shapeshifter began the quest for
                  | the Orb.
     0 | D:1      | Reached XP level 1. HP: 13/13 MP: 1/1
    65 | D:1      | Reached XP level 2. HP: 18/18 MP: 2/2
   132 | D:1      | Reached skill level 1 in Stealth
   405 | D:1      | Reached XP level 3. HP: 23/23 MP: 3/3
   602 | D:1      | Slain by a gnoll

Illustrated notes

Levels and vault maps discovered:
D:1:      denvon_arrival_planthouse, layout_loops_ring

Skill      XL: |  1  2 |
---------------+-------+-----
Stealth        | 1 |  1.6
Fighting       | |  1.6
Dodging        | |  2.0
Unarmed Combat | |  3.5
Shapeshifting  | |  3.2

Action                     || total
---------------------------++-------
  Melee: Unarmed           ||    49
         Tentacles         ||    13
         Constrict         ||    12
   Stab: Distracted        ||     1
         Sleeping          ||    10
 Armour: Skin              ||     1
  Dodge: Dodged            ||    20

Table legend: (Time is in decaauts)
 A = Elapsed time spent in this place.
 B = Non-inter-level travel time spent in this place.
 C = Inter-level travel time spent in this place.
 D = Time resting spent in this place.
 E = Time spent auto-exploring this place.
 F = Levels seen in this place.
 G = Mean time per level.
                   A        B        C        D        E       F      G
               +--------+--------+--------+--------+--------+-----+--------+
         Total |    599 |    599 |      0 |     12 |    426 |   1 |  599.0 |
       Dungeon |    599 |    599 |      0 |     12 |    426 |   1 |  599.0 |
               +--------+--------+--------+--------+--------+-----+--------+

Top non-repeatable levels by time:
     D:1: 599 daAuts
